TOP OF THE 1ST |
Stanford University Cardinal batting - Pitching for University of Arizona Wildcats : LHP Brad Guffin
|
Pitching: LHP Brad Guffin
|
|
Batting: RHB Antonio Honorato
|
0-0: Ball 1-0: SINGLE (Line Drive, 78S, EV 105.0 MPH)
|
Batting: RHB Alejandro Gomez
|
0-0: Ball 1-0: Ball 2-0: Called Strike 2-1: Swinging Strike 2-2: 2-RUN HOME RUN (Flyball, 7LD, EV 94.4 MPH), Distance : 349 ft
|
Batting: RHB Tim Dower
|
0-0: Called Strike 0-1: Foul Ball, location: 2F 0-2: Ball 1-2: Foul Ball, location: 2F 1-2: Ball 2-2: Strikes out swinging, 2-3 out at first.
|
Batting: RHB Jorge Lagunas
|
0-0: Ball 1-0: Fly out, F7 (Flyball, 7S, EV 90.0 MPH)
|
Batting: LHB Oscar Tamayo
|
0-0: Ball 1-0: Ball 2-0: Called Strike 2-1: Ground out 4-3 (Groundball, 34D, EV 86.9 MPH)
|
Top of the 1st over - 2 runs, 2 hits, 0 errors, 0 left on base; Stanford University 2 - University of Arizona 0 |
BOTTOM OF THE 1ST |
University of Arizona Wildcats batting - Pitching for Stanford University Cardinal : RHP Jasper Schrijver
|
Pitching: RHP Jasper Schrijver
|
|
Batting: RHB Costantino Dolfini
|
0-0: Called Strike 0-1: Ball 1-1: Ball 2-1: Swinging Strike 2-2: Foul Ball, location: 2F 2-2: Foul Ball, location: 2F 2-2: Foul Ball, location: 2F 2-2: Fly out, F8 (Flyball, 8RM, EV 78.1 MPH)
|
Batting: RHB Arnaud Derosiers
|
0-0: SINGLE (Line Drive, 9S, EV 96.9 MPH)
|
Batting: SHB Eric Kelley
|
0-0: Foul Ball, location: 2F 0-1: Called Strike 0-2: Foul Ball, location: 2F 0-2: Foul Ball, location: 2F 0-2: Strikes out looking
|
Batting: RHB Ricky Aguilar
|
0-0: Ball 1-0: Ground out 4-3 (Groundball, 4, EV 81.9 MPH)
|
Bottom of the 1st over - 0 runs, 1 hit, 0 errors, 1 left on base; Stanford University 2 - University of Arizona 0 |
TOP OF THE 2ND |
Stanford University Cardinal batting - Pitching for University of Arizona Wildcats : LHP Brad Guffin
|
Batting: RHB Joselito Santos
|
0-0: Foul Ball, location: 2F 0-1: Ball 1-1: SINGLE (Groundball, 3D, EV 94.4 MPH)
|
Batting: LHB Carlos Palau
|
0-0: Ball 1-0: Called Strike 1-1: Fly out, F5 (Popup, 5F, EV 71.2 MPH)
|
Batting: RHB Eddie Luna
|
0-0: Swinging Strike 0-1: Ball 1-1: Ball 2-1: Ball 3-1: Foul Ball, location: 2F 3-2: Strikes out swinging
|
Batting: LHB Ivan Alvarez
|
0-0: Fly out, F6 (Line Drive, 4M, EV 71.9 MPH)
|
Top of the 2nd over - 0 runs, 1 hit, 0 errors, 1 left on base; Stanford University 2 - University of Arizona 0 |
BOTTOM OF THE 2ND |
University of Arizona Wildcats batting - Pitching for Stanford University Cardinal : RHP Jasper Schrijver
|
Batting: RHB Eric McClelland
|
0-0: Foul Ball, location: 2F 0-1: Foul Ball, location: 2F 0-2: Ball 1-2: Ball 2-2: Fly out, F7 (Flyball, 7S, EV 85.6 MPH)
|
Batting: RHB Melvin Nava
|
0-0: Ball 1-0: Ball 2-0: Called Strike 2-1: Foul Ball, location: 2F 2-2: Ground out 6-3 (Groundball, 6M, EV 86.2 MPH)
|
Batting: RHB David Powell
|
0-0: Ball 1-0: Ball 2-0: Called Strike 2-1: Ball 3-1: Foul Ball, location: 2F 3-2: SINGLE (Groundball, 56S, EV 65.0 MPH) (infield hit)
|
Batting: RHB Robbie Gautreaux
|
0-0: Ball 1-0: Called Strike 1-1: Ball 2-1: 2-RUN HOME RUN (Flyball, 78XD, EV 110.6 MPH), Distance : 398 ft
|
Batting: RHB Jorge Gonzales
|
0-0: Ball 1-0: Called Strike 1-1: Ball 2-1: Fly out, F7 (Line Drive, 7LM, EV 89.4 MPH)
|
Bottom of the 2nd over - 2 runs, 2 hits, 0 errors, 0 left on base; Stanford University 2 - University of Arizona 2 |
TOP OF THE 3RD |
Stanford University Cardinal batting - Pitching for University of Arizona Wildcats : LHP Brad Guffin
|
Batting: RHB Antonio Honorato
|
0-0: Ball 1-0: Ball 2-0: Reached on error, E5 (Groundball, 5, EV 82.5 MPH)
|
Batting: RHB Alejandro Gomez
|
0-0: Foul Ball, location: 2F 0-1: Ball 1-1: SINGLE (Groundball, 6MS, EV 88.8 MPH) (infield hit) Antonio Honorato to second
|
Batting: RHB Tim Dower
|
0-0: Ball 1-0: Ball 2-0: Called Strike 2-1: Swinging Strike 2-2: Strikes out swinging
|
Batting: RHB Jorge Lagunas
|
0-0: Swinging Strike 0-1: Called Strike 0-2: Fly out, F7 (Flyball, 7, EV 76.2 MPH)
|
Batting: LHB Oscar Tamayo
|
0-0: Swinging Strike 0-1: Ball 1-1: Fly out, F9 (Flyball, 9, EV 90.6 MPH)
|
Top of the 3rd over - 0 runs, 1 hit, 1 error, 2 left on base; Stanford University 2 - University of Arizona 2 |
BOTTOM OF THE 3RD |
University of Arizona Wildcats batting - Pitching for Stanford University Cardinal : RHP Jasper Schrijver
|
Batting: RHB Costantino Dolfini
|
0-0: Ball 1-0: Ball 2-0: Called Strike 2-1: Foul Ball, location: 2F 2-2: Ball 3-2: Ground out 6-3 (Groundball, 6S, EV 84.4 MPH)
|
Batting: RHB Arnaud Derosiers
|
0-0: Ball 1-0: Ball 2-0: SINGLE (Groundball, 4D, EV 103.1 MPH)
|
Batting: SHB Eric Kelley
|
0-0: Ball 1-0: Ball 2-0: Ball 3-0: Called Strike 3-1: Fielders Choice at 2nd, 3-6 (Groundball, 3, EV 82.5 MPH)
|
Batting: RHB Ricky Aguilar
|
0-0: Ball 1-0: Fly out, F9 (Flyball, 89S, EV 89.4 MPH)
|
Bottom of the 3rd over - 0 runs, 1 hit, 0 errors, 1 left on base; Stanford University 2 - University of Arizona 2 |
TOP OF THE 4TH |
Stanford University Cardinal batting - Pitching for University of Arizona Wildcats : LHP Brad Guffin
|
Batting: RHB Joselito Santos
|
0-0: Ball 1-0: Called Strike 1-1: Ball 2-1: Swinging Strike 2-2: Strikes out looking
|
Batting: LHB Carlos Palau
|
0-0: Foul Ball, location: 2F 0-1: Swinging Strike 0-2: Strikes out swinging
|
Batting: RHB Eddie Luna
|
0-0: Ball 1-0: Called Strike 1-1: Foul Ball, location: 2F 1-2: Strikes out swinging
|
Top of the 4th over - 0 runs, 0 hits, 0 errors, 0 left on base; Stanford University 2 - University of Arizona 2 |
BOTTOM OF THE 4TH |
University of Arizona Wildcats batting - Pitching for Stanford University Cardinal : RHP Jasper Schrijver
|
Batting: RHB Eric McClelland
|
0-0: Ball 1-0: Ball 2-0: DOUBLE (Line Drive, 89M, EV 105.0 MPH)
|
Batting: RHB Melvin Nava
|
0-0: Called Strike 0-1: Foul Ball, location: 2F 0-2: Ground out 4-3 (Groundball, 4, EV 76.2 MPH) Eric McClelland to third
|
Batting: RHB David Powell
|
0-0: Called Strike 0-1: Called Strike 0-2: SINGLE (Line Drive, 56D, EV 99.4 MPH) Eric McClelland scores
|
Batting: RHB Robbie Gautreaux
|
0-0: Swinging Strike 0-1: Ball 1-1: Called Strike 1-2: Ball 2-2: SINGLE (Line Drive, 9S, EV 99.4 MPH) David Powell to second
|
Batting: RHB Jorge Gonzales
|
0-0: SINGLE (Groundball, 34D, EV 95.0 MPH) David Powell to third Robbie Gautreaux to second
|
Batting: RHB Costantino Dolfini
|
0-0: Ball 1-0: Swinging Strike 1-1: Called Strike 1-2: Ball 2-2: Grounds into double play, 3-6-3 (Groundball, 3, EV 100.6 MPH)
|
Bottom of the 4th over - 1 run, 4 hits, 0 errors, 2 left on base; Stanford University 2 - University of Arizona 3 |
TOP OF THE 5TH |
Stanford University Cardinal batting - Pitching for University of Arizona Wildcats : LHP Brad Guffin
|
Batting: LHB Ivan Alvarez
|
0-0: Foul Ball, location: 2F 0-1: Ball 1-1: SINGLE (Line Drive, 7S, EV 91.9 MPH)
|
Batting: RHB Antonio Honorato
|
0-0: SINGLE (Line Drive, 3D, EV 96.9 MPH) Ivan Alvarez to second Runner from 2nd tries for 3rd, SAFE, no throw by RF
|
Batting: RHB Alejandro Gomez
|
0-0: Ball 1-0: Called Strike 1-1: Grounds into double play, 6-4-3 (Groundball, 6, EV 83.1 MPH) Ivan Alvarez scores
|
Batting: RHB Tim Dower
|
0-0: Ball 1-0: Fly out, F9 (Line Drive, 9S, EV 93.8 MPH)
|
Top of the 5th over - 1 run, 2 hits, 0 errors, 0 left on base; Stanford University 3 - University of Arizona 3 |
BOTTOM OF THE 5TH |
University of Arizona Wildcats batting - Pitching for Stanford University Cardinal : RHP Jasper Schrijver
|
Pitching: RHP Victor Gonzalez
|
|
Batting: RHB Arnaud Derosiers
|
0-0: Called Strike 0-1: SINGLE (Groundball, 4MD, EV 103.8 MPH)
|
Batting: SHB Eric Kelley
|
0-0: Called Strike 0-1: Ball 1-1: Ball 2-1: Ground out 6-3 (Groundball, 6M, EV 84.4 MPH) Arnaud Derosiers to second
|
Batting: RHB Ricky Aguilar
|
0-0: Ball 1-0: 2-RUN HOME RUN (Line Drive, 7D, EV 100.0 MPH), Distance : 384 ft
|
Batting: RHB Eric McClelland
|
0-0: Ball 1-0: SINGLE (Groundball, 6D, EV 97.5 MPH)
|
Batting: RHB Melvin Nava
|
0-0: Called Strike 0-1: Foul Ball, location: 2F 0-2: Foul Ball, location: 2F 0-2: Ball 1-2: Ball 2-2: Ground out 6-3 (Groundball, P, EV 80.6 MPH) Eric McClelland to second
|
Batting: RHB David Powell
|
0-0: Called Strike 0-1: Ball 1-1: Called Strike 1-2: Ground out 4-3 (Groundball, 4, EV 103.8 MPH)
|
Bottom of the 5th over - 2 runs, 3 hits, 0 errors, 1 left on base; Stanford University 3 - University of Arizona 5 |
TOP OF THE 6TH |
Stanford University Cardinal batting - Pitching for University of Arizona Wildcats : LHP Brad Guffin
|
Batting: RHB Jorge Lagunas
|
0-0: SINGLE (Line Drive, 34D, EV 94.4 MPH)
|
Batting: LHB Oscar Tamayo
|
0-0: Called Strike 0-1: Foul Ball, location: 2F 0-2: Ball 1-2: Foul Ball, location: 2F 1-2: Strikes out swinging
|
Pitching: RHP Joe Mulholland
|
|
Batting: RHB Joselito Santos
|
0-0: Foul Ball, location: 2F 0-1: Ball 1-1: Swinging Strike 1-2: Ball 2-2: Ball 3-2: Fly out, F9 (Flyball, 89D, EV 87.5 MPH)
|
Batting: LHB Carlos Palau
|
0-0: Called Strike 0-1: Reached on error, E4 (Groundball, 4S, EV 86.9 MPH) Jorge Lagunas to second
|
Batting: RHB Eddie Luna
|
0-0: Called Strike 0-1: Called Strike 0-2: Ball 1-2: Ball 2-2: Ground out U3 (Groundball, 34, EV 98.1 MPH)
|
Top of the 6th over - 0 runs, 1 hit, 1 error, 2 left on base; Stanford University 3 - University of Arizona 5 |
BOTTOM OF THE 6TH |
University of Arizona Wildcats batting - Pitching for Stanford University Cardinal : RHP Victor Gonzalez
|
Batting: RHB Robbie Gautreaux
|
0-0: Ball 1-0: SINGLE (Flyball, 6MD, EV 85.6 MPH)
|
Batting: RHB Jorge Gonzales
|
0-0: Ball 1-0: SINGLE (Groundball, 6M, EV 101.9 MPH) (infield hit) Robbie Gautreaux to second
|
Batting: RHB Costantino Dolfini
|
0-0: Foul Ball, location: 2F 0-1: Ball 1-1: Ball 2-1: Called Strike 2-2: Ball 3-2: SINGLE (Line Drive, 6MD, EV 96.2 MPH) Robbie Gautreaux to third Jorge Gonzales to second
|
Batting: RHB Arnaud Derosiers
|
0-0: Called Strike 0-1: Grounds into double play, 4-2-3 (Groundball, 4, EV 84.4 MPH) Jorge Gonzales to third Costantino Dolfini to second
|
Batting: SHB Eric Kelley
|
0-0: Foul Ball, location: 2F 0-1: Ground out 4-3 (Groundball, 4, EV 92.5 MPH)
|
Bottom of the 6th over - 0 runs, 3 hits, 0 errors, 2 left on base; Stanford University 3 - University of Arizona 5 |
TOP OF THE 7TH |
Stanford University Cardinal batting - Pitching for University of Arizona Wildcats : RHP Joe Mulholland
|
Pitching: RHP Yen-nien Luo
|
|
Batting: LHB Ivan Alvarez
|
0-0: Ball 1-0: Ground out U3 (Groundball, 3, EV 81.9 MPH)
|
Batting: RHB Antonio Honorato
|
0-0: Called Strike 0-1: Swinging Strike 0-2: Foul Ball, location: 2F 0-2: Foul Ball, location: 2F 0-2: Ball 1-2: Strikes out swinging
|
Batting: RHB Alejandro Gomez
|
0-0: Ball 1-0: Ball 2-0: Foul Ball, location: 2F 2-1: Called Strike 2-2: Ball 3-2: Strikes out swinging, 2-3 out at first.
|
Top of the 7th over - 0 runs, 0 hits, 0 errors, 0 left on base; Stanford University 3 - University of Arizona 5 |
BOTTOM OF THE 7TH |
University of Arizona Wildcats batting - Pitching for Stanford University Cardinal : RHP Victor Gonzalez
|
Pitching: RHP Dave Gomez
|
|
Batting: RHB Ricky Aguilar
|
0-0: Foul Ball, location: 2F 0-1: Swinging Strike 0-2: Foul Ball, location: 2F 0-2: Ground out 5-3 (Groundball, 56, EV 103.1 MPH)
|
Batting: RHB Eric McClelland
|
0-0: Ball 1-0: Foul Ball, location: 2F 1-1: Foul Ball, location: 2F 1-2: Ball 2-2: Strikes out looking
|
Batting: RHB Melvin Nava
|
0-0: Swinging Strike 0-1: Ball 1-1: Swinging Strike 1-2: Strikes out swinging
|
Bottom of the 7th over - 0 runs, 0 hits, 0 errors, 0 left on base; Stanford University 3 - University of Arizona 5 |
TOP OF THE 8TH |
Stanford University Cardinal batting - Pitching for University of Arizona Wildcats : RHP Yen-nien Luo
|
Batting: RHB Tim Dower
|
0-0: Ball 1-0: Swinging Strike 1-1: Ground out 6-3 (Groundball, 6, EV 84.4 MPH)
|
Batting: RHB Jorge Lagunas
|
0-0: Ball 1-0: Foul Ball, location: 2F 1-1: Ball 2-1: Ball 3-1: Foul Ball, location: 2F 3-2: Base on Balls
|
Batting: LHB Oscar Tamayo
|
0-0: Called Strike 0-1: Called Strike 0-2: Ball 1-2: Ball 2-2: Ball 3-2: Strikes out looking
|
Batting: RHB Joselito Santos
|
0-0: Ball 1-0: Ball 2-0: Called Strike 2-1: Ball 3-1: Base on Balls Jorge Lagunas to second
|
Pitching: LHP David Zuniga
|
|
Pinch Hitting: SHB Rich Hood
|
0-0: Swinging Strike 0-1: Called Strike 0-2: Ball 1-2: Ball 2-2: Ball 3-2: Strikes out swinging
|
Top of the 8th over - 0 runs, 0 hits, 0 errors, 2 left on base; Stanford University 3 - University of Arizona 5 |
BOTTOM OF THE 8TH |
University of Arizona Wildcats batting - Pitching for Stanford University Cardinal : RHP Dave Gomez
|
Now in LF: Aubrey Regimbald
|
|
Batting: RHB David Powell
|
0-0: Ball 1-0: Called Strike 1-1: Ball 2-1: Swinging Strike 2-2: Ball 3-2: Base on Balls
|
Batting: RHB Robbie Gautreaux
|
0-0: Ball 1-0: Bunt - Flyout to 2R! F2
|
Batting: RHB Jorge Gonzales
|
0-0: Ball 1-0: DOUBLE (Flyball, 78D, EV 98.1 MPH) David Powell to third
|
Batting: RHB Costantino Dolfini
|
0-0: Intentional Walk
|
Batting: RHB Arnaud Derosiers
|
0-0: Swinging Strike 0-1: Called Strike 0-2: Strikes out swinging
|
Batting: SHB Eric Kelley
|
0-0: Swinging Strike 0-1: Foul Ball, location: 2F 0-2: Ball 1-2: Strikes out looking
|
Bottom of the 8th over - 0 runs, 1 hit, 0 errors, 3 left on base; Stanford University 3 - University of Arizona 5 |
TOP OF THE 9TH |
Stanford University Cardinal batting - Pitching for University of Arizona Wildcats : LHP David Zuniga
|
Pitching: RHP Denzel McPherson
|
|
Batting: RHB Eddie Luna
|
0-0: Swinging Strike 0-1: Foul Ball, location: 2F 0-2: Strikes out looking
|
Pinch Hitting: RHB Amare Brown
|
0-0: Called Strike 0-1: Swinging Strike 0-2: Ball 1-2: Strikes out swinging
|
Batting: RHB Antonio Honorato
|
0-0: Swinging Strike 0-1: Called Strike 0-2: Foul Ball, location: 2F 0-2: Strikes out swinging
|
Top of the 9th over - 0 runs, 0 hits, 0 errors, 0 left on base; Stanford University 3 - University of Arizona 5 |
|